AoeStats
← AussieToast

Pilgrims

509533475Analyzed
3v3 RM · 6d ago on Sep 27, 2026· 53m 10s· 6 players
Game mode
Random Map
Map size
Normal (6 player)
Population
200
Speed
Normal
Resources
Standard
Victory
Conquest
Starting age
Dark Age
Ending age
Imperial Age
RankedLock teamsTeams togetherTeam positionsShared explorationLock speedFull tech treeHidden civsTurbo modeCheats
Victory
Defeat
🇦🇺 Wei · Australia
919
+18
🇦🇺 Byzantines · Australia
880
+19
🇦🇺 Varangians · Australia
879
+19
🇲🇽 Khmer · Mexico
951
-19
🇲🇽 Vikings · Mexico
950
-19
946
-18
AussieToast
7:46 Loom
11:39 Feudal Age
14:12 Double-Bit Axe
15:10 Gold Mining
19:23 Fishing Lines
21:51 Castle Age
20:10 Forging
22:53 Medium Warships
22:35 Gillnets
30:38 Scale Barding Armor
36:32 Iron Casting
38:18 Chain Barding Armor
46:16 Imperial Age
44:53 Fletching
47:07 Murder Holes
46:57 Treadmill Crane
49:46 Wheelbarrow
Curlz
9:10 Loom
11:20 Feudal Age
12:24 Fishing Lines
12:44 Double-Bit Axe
15:31 Man-at-Arms
18:23 Castle Age
17:54 Man-at-Arms
23:38 Gillnets
24:18 Scale Barding Armor
24:24 Forging
24:58 Wheelbarrow
26:32 Husbandry
26:43 Bloodlines
27:11 Chain Barding Armor
27:27 Iron Casting
26:49 Gold Mining
26:58 Stone Mining
35:21 Hand Cart
37:39 Imperial Age
36:28 Tuntian
39:00 Elite Tiger Cavalry
40:09 Ming Guang Armor
40:07 Conscription
41:36 Gold Shaft Mining
41:39 Stone Shaft Mining
40:48 Horse Collar
41:20 Bow Saw
40:49 Heavy Hei Guang Cavalry
44:44 Heavy Hei Guang Cavalry
52:02 Blast Furnace
Sinbad
8:53 Loom
17:08 Feudal Age
22:52 Castle Age
21:36 Horse Collar
21:43 Double-Bit Axe
27:19 Bloodlines
27:10 Husbandry
27:18 Husbandry
28:21 Scale Barding Armor
42:39 Imperial Age
40:55 Forging
40:46 Scale Mail Armor
41:19 Town Watch
42:59 Heavy Plow
43:38 Iron Casting
45:12 Wheelbarrow
47:25 Blast Furnace
50:47 Pikeman
52:24 Elite Jarl
彡[ꜱʀ]彡PerversoJob
4:37 Loom
12:41 Feudal Age
19:26 Castle Age
21:28 Double-Bit Axe
21:25 Horse Collar
21:37 Gold Mining
23:45 Wheelbarrow
23:15 Stone Mining
25:24 Bow Saw
32:05 Imperial Age
30:06 Fletching
31:28 Hand Cart
31:24 Bodkin Arrow
34:51 Forging
34:47 Scale Barding Armor
35:48 Pikeman
40:06 Iron Casting
44:00 Blast Furnace
44:13 Chain Barding Armor
45:10 Heavy Plow
45:39 Town Watch
46:58 Gold Shaft Mining
47:08 Crop Rotation
47:25 Bloodlines
46:35 Light Cavalry
49:02 Plate Barding Armor
48:33 Husbandry
47:55 Halberdier
48:39 Bracer
50:10 Chemistry
49:31 Ballistics
48:43 Hussar
彡[ꜱʀ]彡Maney-Master-Gamer
8:29 Loom
17:35 Feudal Age
25:37 Fishing Lines
28:26 Double-Bit Axe
35:55 Castle Age
38:29 Wheelbarrow
38:02 Pikeman
40:22 Bow Saw
46:53 Wheelbarrow
47:10 Horse Collar
52:01 Imperial Age
49:41 Murder Holes
51:49 Hand Cart
[SR]salejan
4:13 Loom
14:30 Feudal Age
16:27 Fishing Lines
22:06 Castle Age
20:51 Man-at-Arms
21:17 Arson
21:45 Forging
21:40 Scale Mail Armor
24:37 Medium Warships
24:52 Medium Warships
30:05 Double-Bit Axe
30:14 Gold Mining
30:15 Stone Mining
30:19 Gillnets
30:59 Pikeman
31:40 Squires
33:30 Long Swordsman
37:07 Chain Mail Armor
37:04 Forging
40:06 Iron Casting
44:57 Gold Shaft Mining
47:54 Imperial Age
45:09 Treadmill Crane
49:18 Plate Mail Armor
Connection lost

Rejoining the realm…

Still unreachable

The connection could not be restored.

Session expired

The server has moved on; the page needs a fresh start.